 Dungeon Crawl Stone Soup version 0.31-a0-187-gba352fbbf7 (webtiles) character file.

Game seed: 10300821634344245880

45 qw the Shooter (level 3, -2/20 HPs)
             Began as a Deep Elf Hunter on June 22, 2023.
             Slain by a goblin
             ... wielding a +0 club
             ... led by Robin
              (3 damage)
             ... on level 2 of the Dungeon.
             The game lasted 00:00:23 (898 turns).

qw the Shooter (Deep Elf Hunter)                     Turns: 898, Time: 00:00:24

Health: -2/20      AC:  5    Str: 10    XL:     3   Next: 42%
Magic:  5/5        EV: 11    Int: 13    God:
Gold:   106        SH:  0    Dex: 18    Spells: 2/2 levels left

rFire   . . .        Y - +0 shortbow
rCold   . . .        (shield currently unavailable)
rNeg    . . .        f - +0 ring mail
rPois   .            (no helmet)
rElec   .            (no cloak)
rCorr   .            (no gloves)
SInv    .            (no boots)
Will    .....        (no amulet)
Stlth   +            (no ring)
HPRegen 0.23/turn    (no ring)
MPRegen 0.09/turn

%: no passive effects
@: no status effects
A: no striking features
a: no special abilities


You were on level 2 of the Dungeon.
You visited 1 branch of the dungeon, and saw 3 of its levels.

You collected 106 gold pieces.


   Skills:
 - Level 1.5 Fighting
 + Level 7.0 Ranged Weapons
 - Level 2.4 Dodging
 - Level 1.2 Stealth


You had 2 spell levels left.
You didn't know any spells.
Your spell library was empty.

Inventory:

Hand Weapons
 Y - a +0 shortbow (weapon)
Armour
 f - a +0 ring mail (worn)
Scrolls
 a - 2 scrolls of identify

Dungeon Overview and Level Annotations

Branches:
Dungeon (3/15)

Altars:

Annotations:
D:2 Robin, Sigmund


Message History

The goblin closely misses you.
You shoot an arrow. The arrow barely misses the goblin.
The goblin hits you with a +0 dagger. The goblin hits you with a +0 club.
You shoot an arrow. The arrow closely misses the goblin.
The goblin hits you but does no damage. The goblin hits you with a +0 club.
You shoot an arrow. The arrow completely misses Robin.
The arrow hits the hobgoblin.
The hobgoblin is moderately wounded.
The goblin closely misses you.
The goblin hits you but does no damage. x2
The goblin hits you with a +0 club.
You shoot an arrow. The arrow closely misses Robin.
The arrow hits the hobgoblin but does no damage.
The hobgoblin is moderately wounded.
The goblin barely misses you. Robin barely misses you.
The goblin hits you with a +0 dagger.
You shoot an arrow.
The arrow hits Robin but does no damage.
Robin is heavily wounded.
The goblin hits you with a +0 club. Robin closely misses you.
The goblin hits you with a +0 dagger.
You shoot an arrow.
The arrow hits Robin but does no damage.
Robin is heavily wounded.
Robin barely misses you. The goblin completely misses you.
The goblin hits you with a +0 club.
A dart slug comes into view.
You shoot an arrow. The arrow closely misses Robin.
The arrow closely misses the hobgoblin.
The hobgoblin no longer looks unusually strong.
The goblin hits you but does no damage. The goblin barely misses you.
You shoot an arrow. The arrow barely misses Robin.
The arrow hits the hobgoblin.
The hobgoblin is almost dead.
The goblin no longer looks unusually strong.
The goblin hits you with a +0 dagger. The goblin barely misses you.
You shoot an arrow. The arrow closely misses Robin.
The arrow hits the hobgoblin but does no damage.
The hobgoblin is almost dead.
The goblin hits you with a +0 dagger. The goblin hits you but does no damage.
The goblin hits you with a +0 club.
You die...

.8 ... ...
..# #.# $#.#
..#g##
...#@##
....ggg#g##
..w..gS.#.##
.#.......#.##
#.#.......#.#
# #........##
###.......##
##.###...#
#...#....#


You could see Robin, an adder, a dart slug, 2 hobgoblins and 3 goblins.

Vanquished Creatures
  An adder (D:2)
  A worm (D:2)
  3 ball pythons (D:1)
  3 bats (D:1)
  2 endoplasms (D:1)
  2 giant cockroaches (D:1)
  4 goblins
  2 hobgoblins (D:1)
  4 quokkas (D:1)
  A frilled lizard (D:1)
  3 kobolds (D:1)
  4 rats
30 creatures vanquished.

Notes
Turn   | Place    | Note
-------+----------+-------------------------------------------
     0 | D:1      | qw the Deep Elf Hunter began the quest for the Orb.
     0 | D:1      | Reached XP level 1. HP: 12/12 MP: 3/3
     0 | D:1      | 0 ||| qw: Version: 0.3-a-9-g12657ce
     0 | D:1      | 0 ||| qw: Game counter: 2429
     0 | D:1      | 0 ||| qw: Always use a shield: true
     0 | D:1      | 0 ||| qw: God list: Okawaru
     0 | D:1      | 0 ||| qw: Allow faded altars: false
     0 | D:1      | 0 ||| qw: Do Orc after D:15 true
     0 | D:1      | 0 ||| qw: Do second Lair branch before Depths: true
     0 | D:1      | 0 ||| qw: Lair rune preference: random
     0 | D:1      | 0 ||| qw: Plans: Normal
     0 | D:1      | 0 ||| PLANNING D:1-11
   118 | D:1      | Reached skill level 6 in Ranged Weapons
   118 | D:1      | Reached XP level 2. HP: 16/16 MP: 4/4
   581 | D:1      | Reached XP level 3. HP: 20/20 MP: 5/5
   759 | D:1      | 759 ||| UPGRADING to +0 ring mail.
   769 | D:1      | 769 ||| DROPPING +0 leather armour.
   770 | D:1      | 770 ||| DROPPING amulet of magic regeneration.
   771 | D:1      | 771 ||| READING 3 scrolls labelled IZXODA HEIROQA.
   772 | D:1      | 772 ||| READING scroll labelled JYLOTWUCS.
   773 | D:1      | 773 ||| DROPPING scroll of butterflies.
   839 | D:2      | Noticed Sigmund
   839 | D:2      | You fall into a shaft and drop 1 floor!
   866 | D:2      | Reached skill level 7 in Ranged Weapons
   883 | D:2      | Noticed Robin
   894 | D:2      | HP: 5/20 [goblin/+0 club[Robin] (2)]
   895 | D:2      | HP: 2/20 [goblin/+0 club[Robin] (1)]
   898 | D:2      | Slain by a goblin

Levels and vault maps discovered:
D:1:      minmay_arrival_shattered_statue, layout_basic, serial_glass,
          glass_columns_a, glass_columns_a
D:2:      wad_pebble_path, layout_basic, chequers_ecumenical_altar_simple,
          hangedman_decor_points, uniq_sigmund, uniq_crazy_yiuf_cottage,
          uniq_robin
D:3:      layout_basic, serial_rivers, chequers_serial_rivers_micro_c,
          chequers_serial_rivers_marsh, chequers_serial_rivers_room_a,
          chequers_serial_rivers_room_a, kennysheep_generic_room_3,
          uniq_grinder, uniq_natasha, uniq_jessica

Skill      XL: |  1  2  3 |
---------------+----------+-----
Ranged Weapons | 6 7 |  7.0
Fighting       | |  1.5
Dodging        | |  2.4
Stealth        | |  1.2

Action                     || total
---------------------------++-------
   Fire: Shortbow          ||   102
    Use: Scroll            ||     2
 Armour: Leather armour    ||     9
         Ring mail         ||     9
  Dodge: Dodged            ||    29

Table legend:
 A = Non-vault XP
 B = Vault XP
 C = Vault XP percentage of total XP
 D = Non-vault monster count
 E = Vault monster count
 F = Vault count percentage of total count
                 A         B        C        D         E       F
            +---------+---------+-------+---------+---------+-------
      Total |      63 |       2 |   3.1 |      29 |       1 |   3.3
            +---------+---------+-------+---------+---------+-------
        D:1 |      44 |       0 |   0.0 |      26 |       0 |   0.0
        D:2 |      19 |       2 |   9.5 |       3 |       1 |  25.0
            +---------+---------+-------+---------+---------+-------
